 Dungeon Crawl Stone Soup version 0.28-b1-25-g9875b3fc8c (webtiles) character file.

Game seed: 8402889826770972255

2522 comborobin the Grappler (level 9, 0/80 HPs)
             Began as a Troll Cinder Acolyte on Feb 2, 2022.
             Was an Elder of Ignis.
             Slain by a vampire mosquito (4 damage)
             ... on level 10 of the Dungeon.
             The game lasted 00:04:30 (3023 turns).

comborobin the Grappler (Troll Cinder Acolyte)      Turns: 3023, Time: 00:04:31

Health: 0/80       AC: 11    Str: 24    XL:     9   Next: 29%
Magic:  9/9        EV:  9    Int: 10    God:    Ignis [****..]
Gold:   196        SH:  0    Dex:  9    Spells: 10/10 levels left

rFire   + . .      SeeInvis .     - Unarmed
rCold   . . .      Faith    .   (no shield)
rNeg    . . .      Spirit   .   b - +0 robe
rPois   .          Reflect  .   (helmet restricted)
rElec   .          Harm     .   (no cloak)
rCorr   .          Rampage  .   (gloves unavailable)
Will    .....                   (boots unavailable)
Stlth   +.........              i - amulet of magic regeneration
HPRegen 1.03/turn               (no ring)
MPRegen 0.51/turn               (no ring)

@: fiery-armoured
A: large, unfitting armour, claws 3, regeneration 1, shaggy fur 1, tough skin 1
a: Renounce Religion, Fiery Armour, Foxfire Swarm, Rising Flame


You were on level 10 of the Dungeon.
You worshipped Ignis.
Ignis was greatly pleased with you.
You visited 1 branch of the dungeon, and saw 8 of its levels.

You collected 196 gold pieces.

Inventory:

Hand Weapons
 a - a -1 falchion of flaming
 m - the +6 dagger "Vush" {drain, Int+3 Dex+4}
   (You found it on level 5 of the Dungeon)

   A truly terrible weapon, it drains the life of any living foe it strikes.
   Int:       It affects your intelligence (+3).
   Dex:       It affects your dexterity (+4).
Missiles
 k - 3 javelins (quivered)
 n - 25 poisoned darts
Armour
 b - a +0 robe (worn)
Jewellery
 f - a +4 ring of evasion
 i - an amulet of magic regeneration (around neck)
 l - an amulet of magic regeneration
Wands
 d - a wand of iceblast (5)
 j - a wand of flame (38)
Scrolls
 e - a scroll of acquirement {unknown}
 h - 2 scrolls of teleportation
 o - a scroll of identify
 q - a scroll of enchant weapon {unknown}
 r - a scroll of blinking
Potions
 c - a potion of attraction
 g - 3 potions of brilliance


   Skills:
 - Level 2.4 Fighting
 - Level 2.4 Long Blades
 + Level 12.5 Unarmed Combat
 - Level 1.0 Spellcasting
 - Level 2.1 Fire Magic


You had 10 spell levels left.
You didn't know any spells.
Your spell library contained the following spells:

 Spells                   Type           Power      Damage    Failure   Level
 Scorch                   Fire           8%         2d5       22%         2
 Corpse Rot               Necr/Air       0%         N/A       45%         2
 Poisonous Vapours        Pois/Air       0%         N/A       45%         2
 Static Discharge         Conj/Air       0%         N/A       45%         2
 Flame Wave               Conj/Fire      2%         2d4       91%         4
 Lightning Bolt           Conj/Air       0%         1d11      100%        5
 Summon Cactus Giant      Summ           0%         N/A       100%        6
 Maxwell's Capacitive Co  Air            0%         ∞         100%        8


Dungeon Overview and Level Annotations

Branches:
Dungeon (10/15)            Temple (0/1) D:6             Orc (0/2) D:9
   Lair: D:8-11

Altars:
Hepliaklqana

Shops:
D:1 (   D:2 =


Innate Abilities, Weirdness & Mutations

You are too large for most types of armour.
You have claws for hands.
Your natural rate of healing is unusually fast.
You are covered in fur. (AC +1)
You have tough skin. (AC +1)


Message History

You barely miss the vampire mosquito.
The vampire mosquito is severely damaged.
The vampire mosquito bites you!
* * * LOW HITPOINT WARNING * * *
The vampire mosquito draws strength from your injuries!
The vampire mosquito is burned by your cloak of flames.
The vampire mosquito is severely damaged.
The vampire mosquito bites you but does no damage.
The vampire mosquito is burned by your cloak of flames.
The vampire mosquito is moderately damaged.
The vampire mosquito bites you but does no damage.
The vampire mosquito is burned by your cloak of flames.
The vampire mosquito is severely damaged.
Unknown command.
You completely miss the vampire mosquito.
The vampire mosquito is severely damaged.
The vampire mosquito bites you but does no damage.
The vampire mosquito is burned by your cloak of flames.
You destroy the vampire mosquito!
The vampire mosquito bites you.
* * * LOW HITPOINT WARNING * * *
The vampire mosquito draws strength from your injuries!
The vampire mosquito is burned by your cloak of flames.
The vampire mosquito is moderately damaged.
The vampire mosquito bites you.
* * * LOW HITPOINT WARNING * * *
The vampire mosquito draws strength from your injuries!
The vampire mosquito is burned by your cloak of flames.
The vampire mosquito is severely damaged.
The vampire mosquito misses you.
Unknown command.
Activating: Foxfire Swarm
Press: ? - help, Dir - look around, f - activate Flames leap up around you!
The vampire mosquito bites you.
* * * LOW HITPOINT WARNING * * *
The vampire mosquito draws strength from your injuries!
The vampire mosquito is burned by your cloak of flames.
The vampire mosquito is almost destroyed.
The vampire mosquito bites you.
You die...

#.... #...... #......
#....# #####....#
#+#####vvv.....#
#....vvvyv.....#
#..<.vv@yv.....#
+...#v###v.....#
#...#...#......#
.....#...#......#########
#.....#...#...............
#.....#...+...............
#.....#####.######........
#...... ...# #?.......
....# #........


You could see 2 vampire mosquitoes.

Vanquished Creatures
  A two-headed ogre (D:9)
  A wyvern (D:9)
  Menkaure (D:6)
  2 vampire mosquitoes (D:10)
  An ice beast (D:6)
  2 orc warriors
  2 ogres
  2 phantoms
  2 kobold brigands (D:9)
  A bullfrog (D:9)
  Blork the orc (D:4)
  A scorpion (D:4)
  4 howler monkeys (D:9)
  A bullfrog zombie (D:3)
  4 orc priests
  2 hounds
  An orc wizard (D:9)
  A howler monkey zombie (D:9)
  4 adders
  An ufetubus (D:5)
  An adder skeleton (D:4)
  A worm (D:3)
  A dart slug (D:5)
  14 orcs
  4 bats
  3 endoplasms
  5 giant cockroaches
  3 goblins
  3 hobgoblins
  2 jackals (D:1)
  A quokka (D:1)
  7 ball pythons
  2 frilled lizards (D:1)
  19 kobolds
  4 rats
105 creatures vanquished.

Notes
Turn   | Place    | Note
-------+----------+-------------------------------------------
     0 | D:1      | comborobin the Troll Cinder Acolyte began the quest for the
                  | Orb.
     0 | D:1      | Reached XP level 1. HP: 22/22 MP: 1/1
    51 | D:1      | Reached skill level 1 in Unarmed Combat
   180 | D:1      | Reached XP level 2. HP: 29/29 MP: 2/2
   261 | D:1      | Reached skill level 2 in Unarmed Combat
   412 | D:1      | Found Ceumost's Weapon Shoppe.
   438 | D:1      | Found a faded altar of an unknown god.
   509 | D:2      | Reached XP level 3. HP: 25/36 MP: 3/3
   557 | D:2      | Found Aroe's Jewellery Boutique.
   566 | D:2      | Reached skill level 3 in Unarmed Combat
   715 | D:3      | Reached skill level 4 in Unarmed Combat
   715 | D:3      | Reached XP level 4. HP: 39/44 MP: 4/4
   738 | D:4      | Noticed a scorpion
   739 | D:4      | Noticed a necrophage
   922 | D:4      | Noticed Blork the orc
   931 | D:4      | Killed Blork the orc
   932 | D:4      | Reached skill level 5 in Unarmed Combat
   932 | D:4      | Reached XP level 5. HP: 41/50 MP: 5/5
  1047 | D:4      | Reached skill level 6 in Unarmed Combat
  1047 | D:4      | Reached XP level 6. HP: 38/59 MP: 6/6
  1073 | D:5      | Entered Level 5 of the Dungeon
  1207 | D:5      | Reached skill level 7 in Unarmed Combat
  1248 | D:5      | Found a hazy altar of Hepliaklqana.
  1301 | D:5      | Identified the +6 dagger "Vush" {drain, Int+3 Dex+4}
  1310 | D:6      | Noticed an orc warrior
  1344 | D:6      | Noticed an ice beast
  1357 | D:6      | Killed an ice beast
  1358 | D:6      | Reached XP level 7. HP: 46/66 MP: 7/7
  1380 | D:6      | Noticed Menkaure
  1386 | D:6      | Killed Menkaure
  1387 | D:6      | Reached skill level 8 in Unarmed Combat
  1479 | D:6      | Found a staircase to the Ecumenical Temple.
  1706 | D:6      | You fall into a shaft and drop 3 floors!
  1851 | D:9      | Noticed a two-headed ogre
  1862 | D:9      | Killed a two-headed ogre
  1863 | D:9      | Reached skill level 10 in Unarmed Combat
  1863 | D:9      | Reached XP level 8. HP: 74/74 MP: 8/8
  2017 | D:9      | Reached skill level 11 in Unarmed Combat
  2037 | D:9      | Found a staircase to the Orcish Mines.
  2111 | D:9      | Reached XP level 9. HP: 47/80 MP: 9/9
  2663 | D:9      | Reached skill level 12 in Unarmed Combat
  2984 | D:10     | Entered Level 10 of the Dungeon
  3023 | D:10     | HP: 4/80 [vampire mosquito (2)]
  3023 | D:10     | Slain by a vampire mosquito

Illustrated notes

Levels and vault maps discovered:
D:1:      amcnicky_arrival_feature_with_door, layout_loops_cross,
          ebering_ecumenical_altar_ruins, serial_shops, shop,
          nicolae_figureground_pulse
D:2:      layout_basic, serial_shops, shop, serial_co_window_serial,
          co_window_paths_a, co_window_paths_b, co_window_paths_b,
          co_window_paths_b, co_window_paths_b, co_window_paths_b,
          co_window_paths_b, co_window_cross_4, co_window_broadway_c,
          co_window_corner_cb, co_window_2corner, co_window_paths_d,
          glass_columns_c, glass_columns_a, glass_columns_a, glass_columns_a,
          glass_columns_a, minmay_tree_intersection
D:3:      layout_loops_corners
D:4:      layout_rooms, fiery_altar_vehumet, lemuel_doored_altar,
          fedhas_altar_fruit_tree, uniq_blork_the_orc
D:5:      layout_loops_ring, nicolae_hepliaklqana_hazy_memory
D:6:      layout_cave_pods, minmay_temple_entry_enclosed_plants, uniq_menkaure
D:9:      layout_small_grid, erik_orc_3
D:10:     layout_irregular_city

Skill      XL: |  1  2  3  4  5  6  7  8  9 |
---------------+----------------------------+-----
Unarmed Combat | 1 2 4 5 6 7 10 11 12 | 12.5
Fighting       | |  2.4
Long Blades    | |  2.4
Spellcasting   | |  1.0
Fire Magic     | |  2.1

Action                   |  1- 3 |  4- 6 |  7- 9 || total
-------------------------+-------+-------+-------++-------
Melee: Unarmed           |   116 |    82 |   115 ||   313
       Punch             |     1 |     3 |     5 ||     9
Throw: Javelin           |       |       |     3 ||     3
Invok: Fiery Armour      |       |     1 |     2 ||     3
       Foxfire Swarm     |       |       |     1 ||     1
Evoke: Wand              |       |     3 |     3 ||     6
  Use: Potion            |       |     2 |     4 ||     6
       Scroll            |       |     6 |       ||     6
Armor: Robe              |    40 |    33 |    26 ||    99
Dodge: Dodged            |    53 |    42 |    43 ||   138
